BR (22 & UNDER)
INDIAN HILLS VOODOO @ PITTSBURGH KILLA BEEZ
08/23/2028
 
TOP OF THE 1ST
Indian Hills Voodoo batting - Pitching for Pittsburgh Killa Beez : RHP José Hernández
Pitching: RHP José Hernández
Batting: SHB Cisco Oliva 0-0: Called Strike
0-1: Ball
1-1: Ball
2-1: DOUBLE (Line Drive, 9LM)
Batting: LHB Jorge Ortega 0-0: Swinging Strike
0-1: Ball
1-1: Swinging Strike
1-2: Ball
2-2: Foul Ball, location: 2F
2-2: Foul Ball, location: 2F
2-2: Strikes out swinging
Batting: RHB António Nevárez 0-0: Ball
1-0: Called Strike
1-1: Ball
2-1: Fly out, F5 (Line Drive, 5L)
Batting: RHB Ben White 0-0: Ball
1-0: Foul Ball, location: 2F
1-1: Ball
2-1: 2-RUN HOME RUN (Flyball, 7D), Distance : 383 ft
Batting: RHB Randall James 0-0: Foul Ball, location: 2F
0-1: Foul Ball, location: 2F
0-2: Ball
1-2: Foul Ball, location: 2F
1-2: Foul Ball, location: 2F
1-2: Strikes out looking
Top of the 1st over - 2 run(s), 2 hit(s), 0 error(s), 0 left on base; Indian Hills 2 - Pittsburgh 0
BOTTOM OF THE 1ST
Pittsburgh Killa Beez batting - Pitching for Indian Hills Voodoo : RHP Brent Shirley
Pitching: RHP Brent Shirley
Batting: RHB Inęs Kappes 0-0: Called Strike
0-1: Ball
1-1: Ball
2-1: Fly out, F6 (Line Drive, 56)
Batting: RHB Jesús García 0-0: Called Strike
0-1: Ball
1-1: Ball
2-1: SINGLE (Line Drive, 56D)
Batting: LHB Carlos Gutiérrez 0-0: Ball
Jesús García is caught stealing 2nd base
1-0: Reached on error, E3 (Groundball, 34)
Batting: RHB José Deleón 0-0: Foul Ball, location: 2F
0-1: Foul Ball, location: 2F
0-2: Strikes out looking
Bottom of the 1st over - 0 run(s), 1 hit(s), 1 error(s), 1 left on base; Indian Hills 2 - Pittsburgh 0
TOP OF THE 2ND
Indian Hills Voodoo batting - Pitching for Pittsburgh Killa Beez : RHP José Hernández
Batting: RHB Ricardo Navarro 0-0: Called Strike
0-1: Ball
1-1: Ball
2-1: Foul Ball, location: 2F
2-2: Strikes out swinging
Batting: RHB Ricardo García 0-0: Ball
1-0: Foul Ball, location: 2F
1-1: Foul Ball, location: 2F
1-2: Strikes out swinging
Batting: LHB José Castillo 0-0: SINGLE (Flyball, 89S)
Batting: LHB Dave Wilkinson 0-0: Ball
José Castillo is caught stealing 2nd base
Top of the 2nd over - 0 run(s), 1 hit(s), 0 error(s), 0 left on base; Indian Hills 2 - Pittsburgh 0
BOTTOM OF THE 2ND
Pittsburgh Killa Beez batting - Pitching for Indian Hills Voodoo : RHP Brent Shirley
Batting: LHB António Bonaccorsi 0-0: Ball
1-0: Called Strike
1-1: Ground out U3 (Groundball, 34)
Batting: SHB Enrique Bartoccini 0-0: Called Strike
0-1: Foul Ball, location: 2F
0-2: SINGLE (Line Drive, 8LS)
Batting: LHB Paco Gálvez 0-0: Called Strike
0-1: Fly out, F8 (Line Drive, 78M)
Batting: LHB Argaw Mwita 0-0: Ball
1-0: Ball
2-0: Ground out U3 (Groundball, 34)
Bottom of the 2nd over - 0 run(s), 1 hit(s), 0 error(s), 1 left on base; Indian Hills 2 - Pittsburgh 0
TOP OF THE 3RD
Indian Hills Voodoo batting - Pitching for Pittsburgh Killa Beez : RHP José Hernández
Batting: LHB Dave Wilkinson 0-0: Ball
1-0: Ball
2-0: SINGLE (Line Drive, 34D)
Batting: SHB Cisco Oliva 0-0: Ball
1-0: Fielders Choice at 2nd, 4-6 (Groundball, 4)
Batting: LHB Jorge Ortega 0-0: Called Strike
Cisco Oliva steals 2nd base
0-1: Foul Ball, location: 2F
0-2: Foul Ball, location: 2F
0-2: Ground out 4-3 (Groundball, 4)
Cisco Oliva to third
Batting: RHB António Nevárez 0-0: Ball
1-0: Called Strike
1-1: Ball
2-1: SINGLE (Groundball, 4MD)
Cisco Oliva scores
Batting: RHB Ben White 0-0: SINGLE (Flyball, 8RS)
António Nevárez to second
Batting: RHB Randall James 0-0: SINGLE (Line Drive, 4M)
António Nevárez to third
Ben White to second
Batting: RHB Ricardo Navarro 0-0: Fly out, F9 (Flyball, 89D)
Top of the 3rd over - 1 run(s), 4 hit(s), 0 error(s), 3 left on base; Indian Hills 3 - Pittsburgh 0
BOTTOM OF THE 3RD
Pittsburgh Killa Beez batting - Pitching for Indian Hills Voodoo : RHP Brent Shirley
Batting: RHB Juan Rodríguez 0-0: Swinging Strike
0-1: Ball
1-1: Ball
2-1: Foul Ball, location: 2F
2-2: Strikes out swinging
Batting: RHB Inęs Kappes 0-0: Foul Ball, location: 2F
0-1: Called Strike
0-2: Ball
1-2: Foul Ball, location: 2F
1-2: Ball
2-2: Ground out 6-3 (Groundball, 6)
Batting: RHB Jesús García 0-0: Called Strike
0-1: Ground out 6-3 (Groundball, 6)
Bottom of the 3rd over - 0 run(s), 0 hit(s), 0 error(s), 0 left on base; Indian Hills 3 - Pittsburgh 0
TOP OF THE 4TH
Indian Hills Voodoo batting - Pitching for Pittsburgh Killa Beez : RHP José Hernández
Batting: RHB Ricardo García 0-0: Called Strike
0-1: Ball
1-1: Foul Ball, location: 2F
1-2: Foul Ball, location: 2F
1-2: Ball
2-2: Ball
3-2: Fly out, F6 (Popup, 56D)
Batting: LHB José Castillo 0-0: SINGLE (Line Drive, 89S)
Batting: LHB Dave Wilkinson 0-0: Ball
1-0: Called Strike
1-1: Ball
2-1: Called Strike
2-2: Foul Ball, location: 2F
2-2: Fly out, F9 (Flyball, 9LM)
Batting: SHB Cisco Oliva 0-0: Ground out U3 (Groundball, 3S)
Top of the 4th over - 0 run(s), 1 hit(s), 0 error(s), 1 left on base; Indian Hills 3 - Pittsburgh 0
BOTTOM OF THE 4TH
Pittsburgh Killa Beez batting - Pitching for Indian Hills Voodoo : RHP Brent Shirley
Batting: LHB Carlos Gutiérrez 0-0: Swinging Strike
0-1: Ball
1-1: Ball
2-1: Foul Ball, location: 2F
2-2: Foul Ball, location: 2F
2-2: Foul Ball, location: 2F
2-2: Foul Ball, location: 2F
2-2: Ball
3-2: Foul Ball, location: 2F
3-2: Strikes out looking
Batting: RHB José Deleón 0-0: Ball
1-0: Fly out, F7 (Line Drive, 78M)
Batting: LHB António Bonaccorsi 0-0: Foul Ball, location: 2F
0-1: Ball
1-1: Hit by Pitch
Batting: SHB Enrique Bartoccini 0-0: Ball
1-0: Reached on error, E1 (Groundball, P)
António Bonaccorsi to second
Batting: LHB Paco Gálvez 0-0: Hit by Pitch
António Bonaccorsi to third
Enrique Bartoccini to second
Batting: LHB Argaw Mwita 0-0: Ball
1-0: Foul Ball, location: 2F
1-1: Ball
2-1: Ball
3-1: Fly out, F7 (Flyball, 7D)
Bottom of the 4th over - 0 run(s), 0 hit(s), 1 error(s), 3 left on base; Indian Hills 3 - Pittsburgh 0
TOP OF THE 5TH
Indian Hills Voodoo batting - Pitching for Pittsburgh Killa Beez : RHP José Hernández
Batting: LHB Jorge Ortega 0-0: Called Strike
0-1: Swinging Strike
0-2: Ball
1-2: Foul Ball, location: 2F
1-2: Foul Ball, location: 2F
1-2: Ball
2-2: Ball
3-2: SINGLE (Groundball, 4MS) (infield hit)
Batting: RHB António Nevárez 0-0: Ball
Jorge Ortega is caught stealing 2nd base
1-0: Foul Ball, location: 2F
1-1: Foul Ball, location: 2F
1-2: Foul Ball, location: 2F
1-2: Fly out, F8 (Flyball, 8LM)
Batting: RHB Ben White 0-0: Ball
1-0: Foul Ball, location: 2F
1-1: SINGLE (Groundball, 34D)
Pitching: LHP Santiago Arredondo
Batting: RHB Randall James 0-0: Ball
1-0: Foul Ball, location: 2F
1-1: Ball
2-1: Ball
3-1: Foul Ball, location: 2F
3-2: Base on Balls
Ben White to second
Batting: RHB Ricardo Navarro 0-0: Called Strike
0-1: Ball
1-1: Swinging Strike
1-2: Strikes out swinging
Top of the 5th over - 0 run(s), 2 hit(s), 0 error(s), 2 left on base; Indian Hills 3 - Pittsburgh 0
BOTTOM OF THE 5TH
Pittsburgh Killa Beez batting - Pitching for Indian Hills Voodoo : RHP Brent Shirley
Batting: RHB Juan Rodríguez 0-0: Called Strike
0-1: Swinging Strike
0-2: Strikes out swinging
Batting: RHB Inęs Kappes 0-0: Ball
1-0: Ball
2-0: Foul Ball, location: 2F
2-1: Called Strike
2-2: Ball
3-2: Base on Balls
Batting: RHB Jesús García 0-0: Ball
1-0: Foul Ball, location: 2F
1-1: SINGLE (Groundball, 6MD)
Inęs Kappes to second
Runner from 2nd tries for 3rd, SAFE, throw made to third
Jesús García to second
Batting: LHB Carlos Gutiérrez 0-0: Foul Ball, location: 2F
0-1: Foul Ball, location: 2F
0-2: Ball
1-2: Strikes out swinging, 2-3 out at first.
Batting: RHB José Deleón 0-0: Called Strike
0-1: Swinging Strike
0-2: Ball
1-2: Ball
2-2: Fly out, F9 (Flyball, 9LM)
Bottom of the 5th over - 0 run(s), 1 hit(s), 0 error(s), 2 left on base; Indian Hills 3 - Pittsburgh 0
TOP OF THE 6TH
Indian Hills Voodoo batting - Pitching for Pittsburgh Killa Beez : LHP Santiago Arredondo
Batting: RHB Ricardo García 0-0: Called Strike
0-1: Foul Ball, location: 2F
0-2: Hit by Pitch
Batting: LHB José Castillo 0-0: Swinging Strike
0-1: Ball
1-1: Called Strike
1-2: Strikes out looking
Batting: LHB Dave Wilkinson 0-0: Ball
Wild Pitch!
Ricardo García to second
1-0: Ball
2-0: Foul Ball, location: 2F
2-1: Foul Ball, location: 2F
2-2: Ball
3-2: Strikes out swinging
Batting: SHB Cisco Oliva 0-0: Fly out, F8 (Line Drive, 8LM)
Top of the 6th over - 0 run(s), 0 hit(s), 0 error(s), 1 left on base; Indian Hills 3 - Pittsburgh 0
BOTTOM OF THE 6TH
Pittsburgh Killa Beez batting - Pitching for Indian Hills Voodoo : RHP Brent Shirley
Pitching: RHP Octávio Durán
Batting: LHB António Bonaccorsi 0-0: Ball
1-0: Called Strike
1-1: Fly out, F6 (Line Drive, 6M)
Batting: SHB Enrique Bartoccini 0-0: Foul Ball, location: 2F
0-1: Ball
1-1: Swinging Strike
1-2: DOUBLE (Line Drive, 5D)
Batting: LHB Paco Gálvez 0-0: Ball
1-0: Foul Ball, location: 2F
1-1: Foul Ball, location: 2F
1-2: Ball
2-2: Fly out, F2 (Popup, 4S)
Batting: LHB Argaw Mwita 0-0: Swinging Strike
0-1: Foul Ball, location: 2F
0-2: Ball
1-2: Ball
2-2: Foul Ball, location: 2F
2-2: Ball
3-2: Foul Ball, location: 2F
3-2: Reached on error, E3 (Groundball, 34)
Enrique Bartoccini to third
Batting: RHB Juan Rodríguez 0-0: Ball
1-0: Ball
2-0: Ball
3-0: Called Strike
3-1: Foul Ball, location: 2F
3-2: Strikes out looking
Bottom of the 6th over - 0 run(s), 1 hit(s), 1 error(s), 2 left on base; Indian Hills 3 - Pittsburgh 0
TOP OF THE 7TH
Indian Hills Voodoo batting - Pitching for Pittsburgh Killa Beez : LHP Santiago Arredondo
Batting: LHB Jorge Ortega 0-0: Ball
1-0: Ball
2-0: Called Strike
2-1: Ball
3-1: Fly out, F7 (Flyball, 7LMF)
Batting: RHB António Nevárez 0-0: Foul Ball, location: 2F
0-1: Foul Ball, location: 2F
0-2: Ball
1-2: Ball
2-2: Ball
3-2: Strikes out swinging
Batting: RHB Ben White 0-0: SINGLE (Flyball, 8RS)
Batting: RHB Randall James 0-0: Ball
1-0: Ball
2-0: Ground out 1-3 (Groundball, 15S)
Top of the 7th over - 0 run(s), 1 hit(s), 0 error(s), 1 left on base; Indian Hills 3 - Pittsburgh 0
BOTTOM OF THE 7TH
Pittsburgh Killa Beez batting - Pitching for Indian Hills Voodoo : RHP Octávio Durán
Batting: RHB Inęs Kappes 0-0: Ground out 6-3 (Groundball, 6)
Batting: RHB Jesús García 0-0: Swinging Strike
0-1: Called Strike
0-2: Fly out, F7 (Line Drive, 78M)
Batting: LHB Carlos Gutiérrez 0-0: Ground out 4-3 (Groundball, 34)
Bottom of the 7th over - 0 run(s), 0 hit(s), 0 error(s), 0 left on base; Indian Hills 3 - Pittsburgh 0
TOP OF THE 8TH
Indian Hills Voodoo batting - Pitching for Pittsburgh Killa Beez : LHP Santiago Arredondo
Batting: RHB Ricardo Navarro 0-0: Called Strike
0-1: Called Strike
0-2: Strikes out swinging
Batting: RHB Ricardo García 0-0: Ball
1-0: SINGLE (Flyball, 89S)
Batting: LHB José Castillo 0-0: Ball
1-0: Ball
2-0: Fly out, F7 (Flyball, 78M)
Batting: LHB Dave Wilkinson 0-0: Foul Ball, location: 2F
0-1: Swinging Strike
0-2: Ball
1-2: Foul Ball, location: 2F
1-2: Ball
2-2: Strikes out swinging
Top of the 8th over - 0 run(s), 1 hit(s), 0 error(s), 1 left on base; Indian Hills 3 - Pittsburgh 0
BOTTOM OF THE 8TH
Pittsburgh Killa Beez batting - Pitching for Indian Hills Voodoo : RHP Octávio Durán
Batting: RHB José Deleón 0-0: Fly out, F8 (Flyball, 8RS)
Batting: LHB António Bonaccorsi 0-0: Ground out U3 (Groundball, 3L)
Batting: SHB Enrique Bartoccini 0-0: Ball
1-0: Fly out, F7 (Flyball, 7)
Bottom of the 8th over - 0 run(s), 0 hit(s), 0 error(s), 0 left on base; Indian Hills 3 - Pittsburgh 0
TOP OF THE 9TH
Indian Hills Voodoo batting - Pitching for Pittsburgh Killa Beez : LHP Santiago Arredondo
Batting: SHB Cisco Oliva 0-0: Foul Ball, location: 2F
0-1: Ball
1-1: Ball
2-1: Foul Ball, location: 2F
2-2: Foul Ball, location: 2F
2-2: Ball
3-2: SINGLE (Line Drive, 4D)
Batting: LHB Jorge Ortega 0-0: Sac Bunt - play at first, batter OUT! 3-4
Cisco Oliva to second
Batting: RHB António Nevárez 0-0: Intentional Walk
Batting: RHB Ben White 0-0: Swinging Strike
0-1: Ball
1-1: Called Strike
1-2: Ball
2-2: Reached via error on a dropped throw, E4
Cisco Oliva to third
António Nevárez to second
Batting: RHB Randall James 0-0: Ball
1-0: Ball
2-0: Fly out, F8 (Flyball, 8LS)
Runner from 3rd tags up, SCORES, throw made
Batting: RHB Ricardo Navarro 0-0: Foul Ball, location: 2F
0-1: Ball
1-1: Foul Ball, location: 2F
1-2: Fly out, F9 (Flyball, 9S)
Top of the 9th over - 1 run(s), 1 hit(s), 1 error(s), 2 left on base; Indian Hills 4 - Pittsburgh 0
BOTTOM OF THE 9TH
Pittsburgh Killa Beez batting - Pitching for Indian Hills Voodoo : RHP Octávio Durán
Batting: LHB Paco Gálvez 0-0: Ball
1-0: Foul Ball, location: 2F
1-1: Called Strike
1-2: Foul Ball, location: 2F
1-2: Strikes out swinging
Batting: LHB Argaw Mwita 0-0: Ground out 4-3 (Groundball, 4)
Batting: RHB Juan Rodríguez 0-0: Called Strike
0-1: Ball
1-1: DOUBLE (Groundball, 3L)
Batting: RHB Inęs Kappes 0-0: Called Strike
0-1: Swinging Strike
0-2: Ball
1-2: Strikes out swinging
Bottom of the 9th over - 0 run(s), 1 hit(s), 0 error(s), 1 left on base; Indian Hills 4 - Pittsburgh 0
Tuesday, August 8th, 2017 - OOTP Baseball 17.12 Build 75